 Dungeon Crawl Stone Soup version 0.18.1-50-g88ac8fd (webtiles) character file.

352 Amnesiac the Ducker (level 6, -7/32 HPs)
             Began as a Vine Stalker Fighter on Mar 10, 2018.
             Mangled by Menkaure (13 damage)
             ... on level 4 of the Dungeon.
             The game lasted 00:06:52 (1598 turns).

Amnesiac the Ducker (Vine Stalker Fighter)          Turns: 1598, Time: 00:06:53

Health: -7/32      AC:  7    Str: 20    XL:     6   Next: 61%
Magic:  0/7        EV: 11    Int:  8    God:
Gold:   87         SH:  7    Dex: 14    Spells: 0 memorised, 5 levels left

rFire  . . .     SeeInvis .     a - +1 rapier
rCold  . . .     Gourm    .     b - +0 scale mail
rNeg   . . .     Faith    .     r - +3 buckler
rPois  .         Spirit   +     (no helmet)
rElec  .         Dismiss  .     (no cloak)
rCorr  .         Reflect  .     (no gloves)
SustAt .         Harm     .     (no boots)
MR     .....                    (no amulet)
Stlth  ..........               (no ring)
                                (no ring)

@: not resistant to hostile enchantments, extremely unstealthy
A: fangs 2, regeneration 2, magic shield, antimagic bite, no device heal 3, rot
immunity
a: no special abilities


You were on level 4 of the Dungeon.
You were not hungry.

You visited 1 branch of the dungeon, and saw 5 of its levels.

You collected 87 gold pieces.

Inventory:

Hand Weapons
 a - a +1 rapier (weapon)
Armour
 b - a +0 scale mail (worn)
 r - a +3 buckler (worn)
Scrolls
 c - 2 scrolls of fog {!r}
 g - a scroll of blinking {!r}
 o - a scroll of teleportation {!r}
 w - a scroll of enchant weapon {!r}
Potions
 d - a potion of might {!q}
 e - a potion of lignification {!q, unknown}
 h - a potion of resistance {!q, unknown}
 j - a potion of curing {!q, unknown}
 l - a potion of magic {!q, unknown}
 n - 2 potions of mutation {!q, unknown}
 p - 2 potions of heal wounds {!q, unknown}
 t - a potion of flight {!q, unknown}
Comestibles
 f - 2 bread rations
 i - 2 fruits
 u - 3 chunks of flesh


   Skills:
 - Level 2.6 Fighting
 - Level 2.0 Short Blades
 + Level 3.8 Armour
 - Level 4.2 Dodging
 - Level 2.6 Shields


You had 5 spell levels left.
You didn't know any spells.

Dungeon Overview and Level Annotations

Branches:
Dungeon (5/15)
 Temple: D:4-7

Altars:
Dithmenos

Shops:
D:5 [

Annotations:
D:4 Menkaure


Innate Abilities, Weirdness & Mutations

You have extremely sharp teeth.
You heal very quickly.
When hurt, damage is shared between your health and your magic reserves.
Your bite disrupts and absorbs the magic of your enemies.
Potions and wands cannot restore your health.
You are immune to rotting.


Message History

a dire flail; a scale mail; the human corpse of Edmund You butcher the human corpse of Edmund.
u - 5 chunks of flesh (gained 3)
Things that are here:
a dire flail; a scale mail Eating one of 5 chunks of flesh.
This raw flesh tastes terrible.
You continue eating. x2
Magic restored.
HP restored.
c - 2 scrolls of fog {!r}
Found a stone staircase leading up.
Found a leather armour.
A quokka comes into view.
No target in view!
No target in view!
Some of the chunks of flesh in your inventory have rotted away.
You hit the quokka. You bite the quokka. You drain its power.
You kill the quokka!
No target in view!
Menkaure shouts!
Menkaure is too close now for your liking.
Menkaure is nearby!
Menkaure casts a spell.
Menkaure seems to speed up.
You barely miss Menkaure. You bite Menkaure.
Menkaure's magic leaks into the air.
You drain his magic.
Menkaure is lightly damaged.
Menkaure falters for a moment.
You hit Menkaure.
Menkaure is moderately damaged.
Menkaure completely misses you.
You hit Menkaure but do no damage. You bite Menkaure.
Menkaure's magic leaks into the air.
You drain his magic.
Menkaure is moderately damaged.
Menkaure hits you! Menkaure closely misses you.
You hit Menkaure but do no damage.
Menkaure is moderately damaged.
Menkaure hits you.
You hit Menkaure. You bite Menkaure.
Menkaure's magic leaks into the air.
You drain his magic.
You feel invigorated.
Menkaure is heavily damaged.
You block Menkaure's attack.
You barely miss Menkaure. You bite Menkaure, but do no damage.
Menkaure is heavily damaged.
Menkaure hits you!
* * * LOW HITPOINT WARNING * * *
Menkaure hits you!
* * * LOW HITPOINT WARNING * * *
You are too injured to fight recklessly!
You are too injured to fight recklessly!
You are too injured to fight recklessly!
You are too injured to fight recklessly!
You barely miss Menkaure.
Menkaure is heavily damaged.
Menkaure falters for a moment.
Unknown command.
You barely miss Menkaure.
Menkaure is heavily damaged.
Menkaure closely misses you.
Unknown command.
You hit Menkaure.
Menkaure is severely damaged.
Menkaure hits you!
You die...

#.##.......## ..# #............
############# #.# #.....####..#
#...........# #.# #.....# #...
##.###.......# #.# #....######.#
##.# #.......# #.####....>..(....
##.#####.#######....#.#....####.#
.........#......M##.#.#....# #..
##.#######......@##.#.#....# ###
.#.......#.......##.#.#....##
.#######.#.......##.#.......#
.#.......#.......##.#...<...#
.#.#######.................[#
.#.# #.........##.......# .#.#
#####..............# .#.#
####..............# .#.#
#.................#


You could see Menkaure.

Vanquished Creatures
  Edmund (D:4)
  A phantom (D:4)
  2 worker ants (D:4)
  An iguana (D:4)
  A hound skeleton (D:4)
  2 gnolls (D:4)
  6 worms
  3 giant geckos
  2 orcs
  3 bats
  3 giant cockroaches
  3 hobgoblins
  A quokka (D:4)
  2 ball pythons
  A giant newt (D:4)
  A jackal skeleton (D:4)
  2 rats
35 creatures vanquished.

Notes
Turn   | Place    | Note
--------------------------------------------------------------
     0 | D:1      | Amnesiac the Vine Stalker Fighter began the quest for the Orb.
     0 | D:1      | Reached XP level 1. HP: 11/11 MP: 2/2
   132 | D:2      | Reached skill level 1 in Dodging
   132 | D:2      | Reached XP level 2. HP: 16/16 MP: 3/3
   228 | D:4      | Noticed a phantom
   436 | D:4      | Reached XP level 3. HP: 17/19 MP: 2/4
   561 | D:4      | Reached skill level 2 in Dodging
   680 | D:5      | Entered Level 5 of the Dungeon
   750 | D:5      | Found Cufuonit's Antique Armour Shoppe.
   809 | D:4      | Reached XP level 4. HP: 13/23 MP: 3/5
  1113 | D:4      | Noticed a phantom
  1135 | D:4      | Reached skill level 3 in Dodging
  1153 | D:4      | Killed a phantom
  1153 | D:4      | Reached XP level 5. HP: 17/27 MP: 4/6
  1205 | D:4      | HP: 1/27 [iguana (2)]
  1208 | D:4      | Reached skill level 4 in Dodging
  1320 | D:2      | Found a shadowy altar of Dithmenos.
  1373 | D:4      | Noticed Menkaure
  1383 | D:4      | Noticed Edmund
  1463 | D:4      | HP: 1/27 [Edmund/dire flail (7)]
  1495 | D:4      | Gained mutation: You heal very quickly. [Vine Stalker growth]
  1495 | D:4      | Reached XP level 6. HP: 10/32 MP: 7/7
  1541 | D:4      | Killed Edmund
  1598 | D:4      | Mangled by Menkaure

Skill      XL: |  1  2  3  4  5  6 |
---------------+-------------------+-----
Short Blades   | 2 |  2.0
Dodging        | 1 2 3 4 |  4.2
Armour         | 3 |  3.8
Fighting       | |  2.6
Shields        | |  2.6

Action                   |  1- 3 |  4- 6 || total
-------------------------+-------+-------++-------
Melee: Rapier            |    88 |   137 ||   225
       Bite              |    22 |    41 ||    63
  Use: Scroll            |       |     9 ||     9
  Eat: Chunk             |       |     3 ||     3
Armor: Scale mail        |    18 |    23 ||    41
Dodge: Dodged            |    15 |    44 ||    59
Block: Shield            |    29 |       ||    29
       Buckler           |     5 |    33 ||    38
